 Dungeon Crawl Stone Soup version 0.30-a0-339-g89bb51ec76 (webtiles) character file.

Game seed: 14207931553518762413

91 Archison the Conjurer (level 4, -2/21 HPs)
             Began as a Spriggan Conjurer on Oct 31, 2022.
             Slain by Terence
             ... wielding a +0 short sword
              (7 damage)
             ... on level 3 of the Dungeon.
             The game lasted 00:06:23 (2419 turns).

Archison the Conjurer (Spriggan Conjurer)           Turns: 2419, Time: 00:06:24

Health: -2/21      AC:  2    Str:  0 (3)  XL:     4   Next: 33%
Magic:  4/9        EV: 17    Int: 20 (21) God:
Gold:   149        SH:  0    Dex: 12 (13) Spells: 8/9 levels left

rFire   . . .      SeeInvis +    (weapon restricted)
rCold   + . .      Faith    .    (no shield)
rNeg    . . .      Spirit   .    a - +0 robe
rPois   .          Reflect  .    (helmet restricted)
rElec   .          Harm     .    (no cloak)
rCorr   .          Rampage  .    (gloves unavailable)
Will    .....                    (boots unavailable)
Stlth   ++........               (no amulet)
HPRegen 0.00/turn                g - ring of protection from cold
MPRegen 0.11/turn                (no ring)

@: inhibited regen, slowed, lost strength, quick
A: very small, no large weapons, unfitting armour, see invisible, speed 3
a: no special abilities


You were on level 3 of the Dungeon.
You visited 1 branch of the dungeon, and saw 3 of its levels.

You collected 149 gold pieces.

Inventory:

Missiles
 j - a throwing net
Armour
 a - a +0 robe (worn)
Jewellery
 g - a ring of protection from cold (left hand)
 o - an amulet of faith
 p - an amulet of regeneration
Scrolls
 c - a scroll of enchant armour {unknown}
 e - 5 scrolls of identify {unknown}
 k - a scroll of fog {unknown}
 m - a scroll of poison {unknown}
 n - a scroll of noise {unknown}


   Skills:
 + Level 3.0 Dodging
 + Level 3.2 Stealth
 + Level 3.2 Spellcasting
 + Level 4.1 Conjurations


You had 8 spell levels left.
You knew the following spells:

 Your Spells              Type           Power      Damage    Failure   Level
a - Magic Dart            Conj           76%        1d6       2%          1

Your spell library contained the following spells:

 Spells                   Type           Power      Damage    Failure   Level
 Searing Ray              Conj           38%        2d5       3%          2
 Shock                    Conj/Air       44%        1d5       6%          1
 Momentum Strike          Conj/Tloc      22%        3d8       9%          2
 Dazzling Flash           Conj/Hex       22%        N/A       19%         3
 Blink                    Tloc           6%         N/A       22%         2
 Ensorcelled Hibernation  Hex/Ice        6%         N/A       22%         2
 Lesser Beckoning         Tloc           6%         N/A       38%         3
 Spider Form              Tmut/Pois      3%         N/A       38%         3
 Swiftness                Air            3%         N/A       38%         3
 Fulminant Prism          Conj/Hex       5%         3d7       52%         4
 Iskenderun's Mystic Bla  Conj/Tloc      11%        2d4       52%         4
 Airstrike                Air            1%         2d(1-17)  80%         4
 Anguish                  Hex/Necr       1%         N/A       80%         4
 Irradiate                Conj/Tmut      5%         3d13      86%         5
 Blade Hands              Tmut           1%         N/A       98%         5
 Dragon Form              Tmut           1%         N/A       100%        7


Dungeon Overview and Level Annotations

Branches:
Dungeon (3/15)

Altars:

Annotations:
D:3 Terence


Innate Abilities, Weirdness & Mutations

You are very small and have problems with some larger weapons.
You are too small for most types of armour.
You have supernaturally acute eyesight. (SInv)
You cover ground extremely quickly. (Speed+++)


Message History

Aiming: Magic Dart (safe; 2% risk of failure)
Press: ? - help, Shift-Dir - straight line, f/p - Terence
Aim: Terence, wielding a +0 short sword and wearing a +0 scale mail (almost dead, 100% to hit)
The magic dart hits Terence but does no damage.
Terence is almost dead.
Terence closely misses you. Terence misses you.
Casting: Magic Dart (safe; 2% risk of failure)
Confirm with . or Enter, or press ? or * to list all spells.
Aiming: Magic Dart (safe; 2% risk of failure)
Press: ? - help, Shift-Dir - straight line, f/p - Terence
Aim: Terence, wielding a +0 short sword and wearing a +0 scale mail (almost dead, 100% to hit)
The magic dart hits Terence but does no damage.
Terence is almost dead.
Terence hits you with a +0 short sword.
* * * LOW HITPOINT WARNING * * *
Casting: Magic Dart (safe; 2% risk of failure)
Confirm with . or Enter, or press ? or * to list all spells.
Aiming: Magic Dart (safe; 2% risk of failure)
Press: ? - help, Shift-Dir - straight line, f/p - Terence
Aim: Terence, wielding a +0 short sword and wearing a +0 scale mail (almost dead, 100% to hit)
The magic dart hits Terence.
Terence is almost dead.
Terence closely misses you. Terence barely misses you.
Casting: Magic Dart (safe; 2% risk of failure)
Confirm with . or Enter, or press ? or * to list all spells.
Aiming: Magic Dart (safe; 2% risk of failure)
Press: ? - help, Shift-Dir - straight line, f/p - Terence
Aim: Terence, wielding a +0 short sword and wearing a +0 scale mail (almost dead, 100% to hit)
The magic dart hits Terence but does no damage.
Terence is almost dead.
Terence completely misses you.
Casting: Magic Dart (safe; 2% risk of failure)
Confirm with . or Enter, or press ? or * to list all spells.
Aiming: Magic Dart (safe; 2% risk of failure)
Press: ? - help, Shift-Dir - straight line, f/p - Terence
Aim: Terence, wielding a +0 short sword and wearing a +0 scale mail (almost dead, 100% to hit)
The magic dart hits Terence but does no damage.
Terence is almost dead.
Terence hits you with a +0 short sword!
You die...

#............
#8.8# ##..##
##..## ###..#
#...## #.^###
#.@#.# ##.@8#
#^8_## #####


You could see Terence.

Vanquished Creatures
  4 adders
  2 dart slugs
  5 orcs
  2 bats (D:1)
  3 endoplasms (D:1)
  A giant cockroach (D:1)
  3 goblins
  3 hobgoblins
  6 kobolds
  6 quokkas
  2 ball pythons
  2 frilled lizards
  4 rats (D:2)
43 creatures vanquished.

Notes
Turn   | Place    | Note
-------+----------+-------------------------------------------
     0 | D:1      | Archison the Spriggan Conjurer began the quest for the Orb.
     0 | D:1      | Reached XP level 1. HP: 9/9 MP: 5/5
   196 | D:1      | Reached skill level 3 in Conjurations
   341 | D:1      | Reached XP level 2. HP: 13/13 MP: 3/6
  1291 | D:2      | Reached XP level 3. HP: 16/16 MP: 0/8
  2069 | D:2      | Reached skill level 4 in Conjurations
  2069 | D:2      | Reached XP level 4. HP: 21/21 MP: 5/9
  2355 | D:3      | Lost strength.
  2394 | D:3      | Noticed Terence
  2402 | D:3      | Found a faded altar of an unknown god.
  2419 | D:3      | Slain by Terence

Illustrated notes

Levels and vault maps discovered:
D:1:      kennysheep_arrival_seaside, layout_basic, chequers_decorated_corner
D:2:      layout_loops_ring
D:3:      layout_basic, zin_angel, shapermc_ecumenical_altar_petra, uniq_terence

Skill      XL: |  1  2  3  4 |
---------------+-------------+-----
Conjurations   | 3 4 |  4.1
Spellcasting   | 3 |  3.2
Dodging        | 3 |  3.0
Stealth        | |  3.2

Action                   |  1- 3 |  4- 6 || total
-------------------------+-------+-------++-------
Melee: Unarmed           |     2 |     8 ||    10
 Cast: Magic Dart        |    86 |    39 ||   125
  Use: Potion            |     1 |     5 ||     6
       Scroll            |       |     1 ||     1
Armor: Robe              |     2 |     2 ||     4
Dodge: Dodged            |    12 |    42 ||    54

Table legend: (Time is in decaauts)
 A = Elapsed time spent in this place.
 B = Non-inter-level travel time spent in this place.
 C = Inter-level travel time spent in this place.
 D = Time resting spent in this place.
 E = Time spent auto-exploring this place.
 F = Levels seen in this place.
 G = Mean time per level.
                   A        B        C        D        E       F      G
               +--------+--------+--------+--------+--------+-----+--------+
         Total |   1869 |   1816 |     53 |     90 |   1377 |   3 |  623.0 |
       Dungeon |   1869 |   1816 |     53 |     90 |   1377 |   3 |  623.0 |
               +--------+--------+--------+--------+--------+-----+--------+

Top non-repeatable levels by time:
     D:1: 840 daAuts
     D:2: 840 daAuts
     D:3: 188 daAuts
